 Dungeon Crawl Stone Soup version 0.23-a0-417-gf02c810 (webtiles) character file.

108223 Amnesiac the Imperceptible (level 16, -8/85 HPs)
             Began as a Spriggan Enchanter on Nov 10, 2018.
             Was an Initiate of Gozag.
             Mangled by Noreul's ghost (9 damage)
             ... on level 1 of the Spider Nest.
             The game lasted 01:32:04 (33478 turns).

Amnesiac the Imperceptible (Spriggan Enchanter)    Turns: 33478, Time: 01:32:04

Health: -8/85      AC:  9    Str:  4    XL:     16   Next: 2%
Magic:  0/34       EV: 29    Int: 23    God:    Gozag
Gold:   1159       SH: 11    Dex: 17    Spells: 9/42 levels left

rFire    . . .     SeeInvis +   a - +2 dagger (venom)
rCold    . . .     Gourm    .   s - +3 buckler {reflect}
rNeg     + . .     Faith    .   N - +2 robe {Archmagi}
rPois    +         Spirit   +   H - +2 hat of the Bear Spirit {Spirit, +Rage rN+ MR++}
rElec    .         Reflect  +   O - +2 cloak {+Inv}
rCorr    .         Harm     .   (gloves unavailable)
MR       ++++.                  (boots unavailable)
Stlth    +++++++++.             (no amulet)
HPRegen  0.24/turn              T - ring of poison resistance
MPRegen  0.24/turn              F - ring of stealth

@: very quick
A: very small, unfitting armour, see invisible, herbivore, speed 3, slow
metabolism 2
a: Potion Petition, Call Merchant, Bribe Branch, Renounce Religion, Evoke
Berserk Rage, Evoke Invisibility


You were on level 1 of the Spider Nest.
You worshipped Gozag.
Gozag was most pleased with you.
You were full.

You visited 4 branches of the dungeon, and saw 24 of its levels.
You also visited: Volcano.

You collected 9635 gold pieces.
You spent 3074 gold pieces at shops.
You paid 5402 gold pieces to Gozag.

Inventory:

Hand Weapons
 a - a +2 dagger of venom (weapon)
 b - a +1 dagger
Missiles
 C - 6 throwing nets (quivered)
Armour
 s - a +3 buckler of reflection (worn)
 H - the +2 hat of the Bear Spirit (worn) {Spirit, +Rage rN+ MR++}
   (You bought it in a shop on level 1 of the Orcish Mines)

   It protects you from negative energy.
   It affects your resistance to hostile enchantments.
   It lets you go berserk.
 N - a +2 robe of the Archmagi (worn)
 O - a +2 cloak of invisibility (worn)
 Q - a scarf of resistance
 U - a scarf of repulsion
Jewellery
 c - an uncursed ring of resist corrosion
 l - an uncursed ring of protection from fire
 F - a ring of stealth (right hand)
 T - a ring of poison resistance (left hand)
Wands
 f - a wand of paralysis (30)
 k - a wand of clouds (4)
 o - a wand of digging (6)
 y - a wand of disintegration (33)
 z - a wand of random effects (26)
 A - a wand of flame (36)
 B - a wand of enslavement (8)
 E - a wand of iceblast (23)
 R - a wand of acid (14)
Scrolls
 d - 2 scrolls of fog {!r}
 j - 14 scrolls of remove curse {!r}
 p - 5 scrolls of amnesia {!r}
 q - 15 scrolls of teleportation {!r}
 G - 2 scrolls of magic mapping {!r}
 K - 11 scrolls of identify {!r}
 L - a scroll of blinking {!r}
 P - 2 scrolls of fear {!r}
Potions
 e - 2 potions of agility {!q}
 g - 14 potions of curing {!q}
 i - 5 potions of lignification {!q}
 m - 4 potions of brilliance {!q}
 n - a potion of magic {!q}
 r - 3 potions of cancellation {!q}
 u - a potion of haste {!q}
 v - 3 potions of might {!q}
 w - 2 potions of berserk rage {!q}
 x - 5 potions of heal wounds {!q}
 D - a potion of flight {!q}
 I - 3 potions of mutation {!q}
 M - 2 potions of resistance {!q}
Miscellaneous
 h - a lamp of fire
 J - a lightning rod (4/4)
 S - a fan of gales
Comestibles
 t - 28 rations


   Skills:
 - Level 10.0 Fighting
 - Level 8.0 Short Blades
 - Level 13.0 Dodging
 - Level 22.0 Stealth
 - Level 7.2 Shields
 + Level 13.8 Spellcasting
 - Level 10.0 Hexes
 - Level 8.0 Charms
 - Level 4.0 Air Magic
 + Level 5.6 Evocations


You had 9 spell levels left.
You knew the following spells:

 Your Spells              Type           Power        Failure   Level  Hunger
a - Ensorcelled Hibernat  Hex/Ice        ######       1%          2    None
b - Passwall              Tmut/Erth      ###.....     6%          2    None
c - Summon Butterflies    Summ           ###.....     3%          1    None
d - Dazzling Spray        Conj/Hex       ######       1%          3    None
e - Confuse               Hex            #######.     1%          3    None
f - Summon Mana Viper     Hex/Summ       ######..     14%         5    ###....
g - Mephitic Cloud        Conj/Pois/Air  ####....     7%          3    None
h - Corona                Hex            #######      1%          1    None
i - Deflect Missiles      Chrm/Air       ######....   45%         6    #####..
r - Regeneration          Chrm/Necr      ######....   2%          3    None
w - Tukima's Dance        Hex            #######.     1%          3    None
z - Confusing Touch       Hex            ######       1%          1    None

Your spell library contained the following spells:

 Spells                   Type           Power        Failure   Level  Hunger
 Inner Flame              Hex/Fire       ######..     1%          3    None
 Cause Fear               Hex            #######...   1%          4    None
 Poisonous Vapours        Pois/Air       #####.       2%          2    None
 Animate Skeleton         Necr           N/A          3%          1    None
 Beastly Appendage        Tmut           ###...       3%          1    None
 Pain                     Necr           ###.         3%          1    None
 Sandblast                Erth           ###...       3%          1    None
 Static Discharge         Conj/Air       #####...     4%          3    None
 Sticks to Snakes         Tmut           ###.....     6%          2    None
 Throw Flame              Conj/Fire      ###...       6%          2    None
 Silence                  Hex/Air        ######....   6%          5    ###....
 Darkness                 Hex            #######...   10%         6    #####..
 Call Canine Familiar     Summ           ###.....     12%         3    None
 Conjure Flame            Conj/Fire      ###.....     12%         3    None
 Gell's Gravitas          Tloc           ###.......   12%         3    None
 Ignite Poison            Fire/Tmut/Pois ###.....     12%         3    None
 Spider Form              Tmut/Pois      ###.......   12%         3    None
 Stone Arrow              Conj/Erth      ###...       12%         3    None
 Vampiric Draining        Necr           ###.......   12%         3    None
 Metabolic Englaciation   Hex/Ice        ######....   14%         5    ###....
 Yara's Violent Unravell  Hex/Tmut       ######....   14%         5    ###....
 Animate Dead             Necr           N/A          36%         4    None
 Ice Form                 Ice/Tmut       ###.....     36%         4    None
 Petrify                  Tmut/Erth      ###.....     36%         4    None
 Summon Ice Beast         Ice/Summ       ###.....     36%         4    None
 Lightning Bolt           Conj/Air       #####.....   43%         5    ###....
 Blade Hands              Tmut           ###.......   71%         5    ###....
 Borgnjor's Vile Clutch   Necr/Erth      ###.......   71%         5    ###....
 Lee's Rapid Deconstruct  Erth           ###.......   71%         5    ###....
 Freezing Cloud           Conj/Ice/Air   ####......   98%         6    #####..
 Shadow Creatures         Summ           N/A          99%         6    #####..
 Simulacrum               Ice/Necr       ###.......   99%         6    #####..
 Ring of Flames           Chrm/Fire      ######....   99%         7    ######.
 Discord                  Hex            #######...   99%         8    #######
 Summon Hydra             Summ           ###.......   100%        7    ######.
 Ignition                 Fire           ###.......   100%        8    #######
 Shatter                  Erth           ###.......   100%        9    #######
 Tornado                  Air            ######....   100%        9    #######


Dungeon Overview and Level Annotations

Branches:
Dungeon (15/15)            Temple (0/1) D:6            Lair (6/6) D:10
  Swamp (0/4) Lair:3       Spider (1/4) Lair:4        Slime (0/5) Lair:5
    Orc (2/2) D:10            Elf (0/3) Orc:2        Vaults (0/5) D:13
 Depths (0/5) D:15

Altars:
Cheibriados
Gozag
Makhleb
Nemelex Xobeh
Okawaru
Qazlal
Sif Muna
Trog
Vehumet
Wu Jian
Xom
The Shining One
Beogh
Jiyva

Shops:
D:8 }   D:14 }   Orc:1 [([(   Orc:2 %!([[(*   Lair:2 (   Lair:5 *   Lair:6 ?

Annotations:
Spider:1 Noreul's ghost, adept MiBe


Innate Abilities, Weirdness & Mutations

You are very small and have problems with some larger weapons.
You are too small for most types of armour.
You have supernaturally acute eyesight. (SInv)
You are a herbivore.
You cover ground extremely quickly.
You need to consume almost no food.


Message History

The spray of energy hits the tarantella.
The tarantella is almost dead.
The tarantella is dazzled.
The spray of energy hits the orb spider.
The orb spider is moderately wounded.
The orb spider is dazzled.
The tarantella completely misses you. Noreul's ghost hits you!!
* * * LOW HITPOINT WARNING * * *
x2
Casting: Dazzling Spray (safe; 1% risk of failure)
Confirm with . or Enter, or press ? or * to list all spells.
Okay, then.
Really quaff
x - 7 potions of heal wounds {!q}?
You feel much better. You block the tarantella's attack.
Noreul's ghost hits you but does no damage.
The tarantella misses you.
You catch the helpless tarantella completely off-guard!
You stick the tarantella like a pincushion!!!
You kill the tarantella!
Noreul's ghost hits you!
* * * LOW HITPOINT WARNING * * *
x2 The orb spider weaves a glowing orb of energy.
The wavering orb of destruction weakly hits you!
* * * LOW HITPOINT WARNING * * *
Really quaff
x - 6 potions of heal wounds {!q}?
You feel much better.
You catch the helpless orb spider completely off-guard!
You perforate the orb spider like a sieve!!!
You kill the orb spider!
Noreul's ghost misses you.
You see here 6 gold pieces.
Casting: Dazzling Spray (safe; 1% risk of failure)
Confirm with . or Enter, or press ? or * to list all spells.
You feel a surge of power!
Your hands begin to glow red.
You hit Noreul's ghost but do no damage.
Noreul's ghost is heavily damaged.
You closely miss Noreul's ghost.
Noreul's ghost is heavily damaged.
Noreul's ghost hits you.
* * * LOW HITPOINT WARNING * * *
x2
Press: ? - help, v - describe, . - travel
Here: Noreul's ghost, wielding a vorpal weapon (heavily damaged, chance to The floor.
Noreul's ghost becomes distracted by the nearby gold, dreaming of imaginary You catch the helpless Noreul's ghost completely off-guard!
You hit Noreul's ghost but do no damage.
Noreul's ghost is no longer distracted by gold.
Noreul's ghost is heavily damaged.
Noreul's ghost closely misses you.
You hit Noreul's ghost but do no damage.
Noreul's ghost is heavily damaged.
You barely miss Noreul's ghost.
Noreul's ghost is heavily damaged.
You hit Noreul's ghost but do no damage.
Noreul's ghost appears confused.
Noreul's ghost is heavily damaged.
You catch the helpless Noreul's ghost completely off-guard!
You skewer Noreul's ghost like a kebab!!!
Noreul's ghost is severely damaged.
You hit Noreul's ghost but do no damage.
Noreul's ghost is severely damaged.
Noreul's ghost hits you!!
* * * LOW HITPOINT WARNING * * *
You die...
Your body crumbles into a pile of gold.

....'.....!.#.....##.....#
...$$...#.=.#......#...
..$$#..#.#!.#......## .
..$.#.......#.......#
....#########..(.$..#
..............$.....##
.....................##
......................##
.....#..........@....#^#
....##$..........W....##
..###................## .#
#.................## #
##.................#
#...............###
##...#.......####
##..###......# #...#
##....^#


You could see Noreul's ghost (confused).

Vanquished Creatures
  2 orc warlords
  A red draconian (Volcano)
  The ghost of clean the Cleaver, a journeyman MiBe of Trog (Lair:4)
  Snorg (D:11)
  Fannar (Lair:3)
  Erolcha (D:13)
  2 ogre magi
  Harold (D:7)
  2 catoblepae
  8 hydras
  3 centaur warriors
  8 two-headed ogres
  Erica (Lair:1)
  A death knight (D:14)
  A tengu warrior (D:15)
  11 death yaks
  4 orc high priests (Orc:2)
  A skeletal warrior (D:13)
  2 unseen horrors
  A wizard (D:15)
  3 wolf spiders (Spider:1)
  Pikel (D:6)
  11 ugly things
  2 oklob plants (Lair:2)
  An orb spider (Spider:1)
  2 deep elf magi
  2 orc knights (Orc:2)
  5 orc sorcerers
  7 cyclopes
  4 centaur zombies
  2 naga magi (D:15)
  Joseph (D:8)
  3 manticores
  3 black mambas
  5 elephants (Lair:5)
  A gargoyle (D:11)
  Psyche (D:11)
  2 molten gargoyles (Volcano)
  8 spiny frogs
  A centaur skeleton (D:9)
  A rime drake (Lair:6)
  A kobold demonologist (D:15)
  7 komodo dragons
  3 demonic crawlers
  An efreet (D:14)
  10 trolls
  11 jumping spiders
  A merfolk (D:11)
  A queen bee (D:9)
  9 hornets
  4 polar bears
  11 blink frogs
  Prince Ribbit (D:8)
  4 slime creatures (D:13)
  4 dream sheep (Lair:6)
  9 hippogriffs
  Sigmund (D:3)
  9 redbacks
  2 tarantellas (Spider:1)
  45 yaks
  13 spriggans (Lair:6)
  2 wyverns
  4 wraiths
  A shadow (D:14)
  2 fire bats (Volcano)
  A hungry ghost (D:15)
  Grum (D:8)
  3 basilisks
  11 vampire mosquitoes
  2 wargs (Orc:1)
  10 water moccasins
  Duvessa (D:7)
  7 porcupines
  6 ice beasts
  38 orc warriors
  4 slaves (D:6)
  11 black bears
  7 sky beasts
  17 ogres
  A phantom (D:4)
  3 necrophages
  8 centaurs
  4 boggarts (Lair:6)
  33 wolves
  16 crocodiles
  22 bullfrogs
  A big kobold (D:9)
  A wyvern zombie (D:9)
  3 gnoll sergeants (D:6)
  A wyvern skeleton (D:13)
  3 scorpions
  Dowan (D:7)
  27 killer bees
  4 wights
  2 howler monkeys (D:8)
  3 electric eels
  3 crimson imps
  9 hounds
  4 jellies
  6 lava snakes (Volcano)
  2 bullfrog skeletons
  2 bullfrog zombies
  6 gnoll shamans
  Crazy Yiuf (D:7)
  24 orc priests
  6 iguanas
  Terence (D:2)
  11 worker ants
  24 orc wizards
  A killer bee zombie (D:9)
  3 hound zombies
  A hound skeleton (D:4)
  16 adders
  31 gnolls
  3 shadow imps
  2 oozes
  2 adder skeletons
  3 worms
  A dart slug (D:1)
  5 leopard geckos
  94 orcs
  9 bats
  4 giant cockroaches
  6 goblins
  7 hobgoblins
  20 jackals
  14 kobolds
  4 quokkas
  4 frilled lizards
  A jackal skeleton (D:5)
  2 jackal zombies
  2 leopard gecko skeletons (D:4)
  7 rats
868 creatures vanquished.

Vanquished Creatures (collateral kills)
  A gnoll sergeant (D:6)
  A gnoll (D:6)
2 creatures vanquished.

Vanquished Creatures (others)
  2 dancing weapons
  An orc priest (D:6)
  A killer bee zombie (D:6)
  A shadow imp (D:6)
  2 orcs (D:6)
  23 fungi
  13 plants
43 creatures vanquished.

Grand Total: 913 creatures vanquished

Notes
Turn   | Place    | Note
-------+----------+-------------------------------------------
     0 | D:1      | Amnesiac the Spriggan Enchanter began the quest for the
                  | Orb.
     0 | D:1      | Reached XP level 1. HP: 9/9 MP: 5/5
    47 | D:1      | Found a sparkling altar of Nemelex Xobeh.
    98 | D:2      | Reached skill level 5 in Stealth
   178 | D:2      | Reached XP level 2. HP: 9/13 MP: 6/6
   192 | D:2      | Learned a level 2 spell: Ensorcelled Hibernation
   194 | D:2      | Reached skill level 6 in Stealth
   393 | D:3      | Noticed Sigmund
   396 | D:3      | Reached XP level 3. HP: 16/16 MP: 8/8
   418 | D:2      | Learned a level 3 spell: Confuse
   572 | D:4      | Reached XP level 4. HP: 21/21 MP: 6/9
   814 | D:4      | Reached skill level 7 in Stealth
   880 | D:5      | Entered Level 5 of the Dungeon
   880 | D:5      | Found a glowing golden altar of the Shining One.
   882 | D:5      | Found a stormy altar of Qazlal.
   910 | D:4      | Noticed an ogre
   917 | D:4      | Killed an ogre
   917 | D:4      | Reached skill level 8 in Stealth
   917 | D:4      | Reached XP level 5. HP: 24/24 MP: 8/10
  1004 | D:4      | Found an ornate altar of the Wu Jian Council.
  1007 | D:4      | Found an iron altar of Okawaru.
  1007 | D:4      | Found a burning altar of Makhleb.
  1114 | D:5      | Noticed a sky beast
  1116 | D:5      | Killed a sky beast
  1116 | D:5      | Reached XP level 6. HP: 28/28 MP: 11/11
  1139 | D:5      | Noticed an ice beast
  1147 | D:5      | Killed an ice beast
  1193 | D:6      | Noticed an orc warrior
  1494 | D:4      | Reached XP level 7. HP: 14/32 MP: 2/13
  1684 | D:3      | Found a bloodstained altar of Trog.
  1829 | D:4      | Reached skill level 1 in Fighting
  1829 | D:4      | Reached skill level 5 in Short Blades
  2155 | D:5      | Reached skill level 5 in Hexes
  2275 | D:5      | Found an opulent altar of Gozag.
  2286 | D:5      | Became a worshipper of Gozag Ym Sagoz the Greedy
  3327 | D:2      | Noticed Terence
  3330 | D:2      | Killed Terence
  3755 | D:3      | Killed Sigmund
  3755 | D:3      | Reached skill level 5 in Spellcasting
  3755 | D:3      | Reached XP level 8. HP: 30/37 MP: 11/16
  3789 | D:3      | Noticed a hippogriff
  3798 | D:3      | Killed a hippogriff
  3798 | D:3      | Reached skill level 9 in Stealth
  4832 | D:6      | Noticed Pikel
  4834 | D:6      | Reached skill level 5 in Dodging
  4837 | D:6      | Killed Pikel
  5252 | D:5      | Learned a level 3 spell: Tukima's Dance
  5256 | D:5      | Learned a level 3 spell: Dazzling Spray
  5337 | D:6      | Reached XP level 9. HP: 35/43 MP: 13/19
  5657 | D:6      | Reached skill level 10 in Stealth
  5913 | D:6      | Found a staircase to the Ecumenical Temple.
  6554 | D:6      | Reached skill level 1 in Shields
  7264 | D:6      | Found a radiant altar of Vehumet.
  7321 | D:6      | Identified Sif Muna's Tome of Fiery Snow
  8166 | D:7      | Noticed Harold
  8186 | D:7      | Killed Harold
  8409 | D:7      | Reached XP level 10. HP: 41/49 MP: 17/20
  8487 | D:7      | Noticed Dowan
  8488 | D:7      | Noticed Duvessa
  8495 | D:7      | Reached skill level 11 in Stealth
  8498 | D:7      | Killed Dowan
  8609 | D:7      | Killed Duvessa
  8797 | D:7      | Found a runed door.
  9193 | D:7      | Noticed Crazy Yiuf
  9197 | D:7      | Killed Crazy Yiuf
  9256 | D:8      | Found Taliv's Gadget Shop.
  9302 | D:8      | Noticed Joseph
  9319 | D:8      | Killed Joseph
  9491 | D:8      | Noticed Prince Ribbit
  9504 | D:8      | Killed Prince Ribbit
  9891 | D:8      | Reached skill level 10 in Hexes
  9966 | D:8      | Noticed Grum
  9983 | D:8      | Killed Grum
 10589 | D:9      | Reached skill level 12 in Stealth
 11086 | D:10     | Entered Level 10 of the Dungeon
 11112 | D:10     | Found a staircase to the Orcish Mines.
 11127 | D:10     | Found a deep blue altar of Sif Muna.
 11139 | D:10     | Reached XP level 11. HP: 54/54 MP: 18/21
 11200 | D:10     | Found a staircase to the Lair.
 11219 | D:10     | Noticed a two-headed ogre
 11236 | D:10     | Reached skill level 5 in Fighting
 11466 | D:10     | Killed a two-headed ogre
 11980 | D:10     | Reached skill level 10 in Dodging
 12155 | D:9      | Reached skill level 13 in Stealth
 12220 | D:9      | HP: 2/56 [poisoned by a killer bee]
 12476 | D:9      | Found a snail-covered altar of Cheibriados.
 12796 | Orc:1    | Entered Level 1 of the Orcish Mines
 12806 | Orc:1    | Found Aceqiaje's Armour Shop.
 12810 | Orc:1    | Noticed an orc warlord
 12873 | Orc:1    | Noticed an orc sorcerer
 12895 | Orc:1    | Found a dark tunnel.
 12983 | Volcano  | Entered a volcano
 13360 | Volcano  | Learned a level 1 spell: Summon Butterflies
 13454 | Volcano  | Found a burning altar of Makhleb.
 13454 | Volcano  | Noticed a two-headed ogre
 13454 | Volcano  | Noticed a two-headed ogre
 13454 | Volcano  | Noticed an ogre mage
 13454 | Volcano  | Noticed a two-headed ogre
 13456 | Volcano  | Killed a two-headed ogre
 13459 | Volcano  | Killed a two-headed ogre
 13461 | Volcano  | Killed a two-headed ogre
 13461 | Volcano  | Reached skill level 5 in Shields
 13468 | Volcano  | Killed an ogre mage
 13468 | Volcano  | Reached skill level 14 in Stealth
 13489 | Volcano  | Noticed a two-headed ogre
 13491 | Volcano  | Killed a two-headed ogre
 13491 | Volcano  | Reached XP level 12. HP: 58/61 MP: 22/22
 13536 | Volcano  | Noticed a red draconian
 13538 | Volcano  | Killed a red draconian
 14819 | Orc:1    | Killed an orc warlord
 14819 | Orc:1    | Reached skill level 15 in Stealth
 15106 | Orc:2    | Entered Level 2 of the Orcish Mines
 15107 | Orc:2    | Found Muaxarghe's General Store.
 15951 | Orc:2    | Noticed a two-headed ogre
 15971 | Orc:2    | Killed a two-headed ogre
 16057 | Orc:2    | Found Paeqil's Antique Armour Emporium.
 16100 | Orc:2    | Found a roughly hewn altar of Beogh.
 16219 | Orc:2    | Found a staircase to the Elven Halls.
 16302 | Orc:2    | Noticed an orc high priest
 16374 | Orc:2    | Found a roughly hewn altar of Beogh.
 16381 | Orc:2    | Noticed an orc warlord
 16556 | Orc:2    | Killed an orc warlord
 16592 | Orc:2    | Reached skill level 16 in Stealth
 16781 | Orc:2    | Found a roughly hewn altar of Beogh.
 16784 | Orc:2    | Found Rykhy's Weapon Shop.
 16784 | Orc:2    | Noticed an orc high priest
 16851 | Orc:2    | Killed an orc high priest
 16964 | Orc:2    | Found Zaoqeq's Distillery.
 17088 | Orc:2    | Noticed an orc high priest
 17089 | Orc:2    | Noticed an orc high priest
 17233 | Orc:2    | Killed an orc high priest
 17233 | Orc:2    | Reached XP level 13. HP: 62/67 MP: 14/23
 17653 | Orc:2    | Found a roughly hewn altar of Beogh.
 17702 | Orc:2    | Found Zoqoante's Food Boutique.
 18000 | Orc:2    | Found Ciask's Antique Armour Boutique.
 18002 | Orc:2    | Found a roughly hewn altar of Beogh.
 18005 | Orc:2    | Found Malodeodgh's Antique Weapon Shop.
 18234 | Orc:2    | Bought a glowing cloak for 187 gold pieces
 18234 | Orc:2    | Bought a twisted robe for 142 gold pieces
 18255 | Orc:2    | Identified the +0 robe of the Thoughtful Lies {rPois Int+3}
                  | (You bought it in a shop on level 2 of the Orcish Mines)
 18311 | Orc:2    | Bought a smoking robe for 131 gold pieces
 18321 | Orc:2    | Identified the +1 robe of the Midnight Sun {Str+7} (You
                  | bought it in a shop on level 2 of the Orcish Mines)
 18385 | Orc:1    | Bought a crystal dagger for 140 gold pieces
 18385 | Orc:1    | Lost strength.
 18385 | Orc:1    | Identified the +7 dagger of Ruah {drain, Fragile rC+++
                  | Str-4 SInv} (You bought it in a shop on level 1 of the
                  | Orcish Mines)
 18391 | Orc:1    | Bought a runed dagger for 100 gold pieces
 18395 | Orc:1    | Bought a polished short sword for 248 gold pieces
 18395 | Orc:1    | Identified the +2 short sword "Virrea Wunusch" {drain,
                  | Str-3 Int+5} (You bought it in a shop on level 1 of the
                  | Orcish Mines)
 18459 | D:11     | Noticed Psyche
 18500 | D:11     | Killed Psyche
 18607 | D:11     | Reached skill level 17 in Stealth
 18665 | D:11     | Reached skill level 1 in Evocations
 18805 | D:11     | Learned a level 5 spell: Summon Mana Viper
 18936 | Orc:1    | Bought the +2 hat of the Bear Spirit {Spirit, +Rage rN+
                  | MR++} for 1329 gold pieces
 18936 | Orc:1    | Found the +2 hat of the Bear Spirit {Spirit, +Rage rN+
                  | MR++}
 18936 | Orc:1    | Bought a glowing robe for 125 gold pieces
 19347 | D:11     | Learned a level 3 spell: Mephitic Cloud
 19398 | D:11     | Noticed Snorg
 19400 | D:11     | Killed Snorg
 19730 | Orc:1    | Bought a +2 buckler of reflection for 240 gold pieces
 19811 | D:13     | Paralysed by a hornet for 2 turns
 19999 | D:12     | Learned a level 3 spell: Regeneration
 20041 | D:12     | You fall through a shaft!
 20061 | D:13     | Reached skill level 1 in Charms
 20383 | D:13     | Reached skill level 18 in Stealth
 20462 | D:13     | Noticed Erolcha
 20475 | D:13     | Killed Erolcha
 20815 | D:13     | Found a gate to the Vaults.
 21350 | D:14     | Found Weoliw's Gadget Boutique.
 21536 | D:14     | Reached XP level 14. HP: 69/75 MP: 17/24
 21546 | D:14     | Learned a level 2 spell: Passwall
 22504 | D:14     | Reached skill level 19 in Stealth
 23545 | D:15     | Entered Level 15 of the Dungeon
 23546 | D:15     | Reached skill level 10 in Fighting
 24166 | D:15     | Found a staircase to the Depths.
 24169 | D:15     | Reached skill level 20 in Stealth
 24769 | Orc:2    | Bought 2 potions of brilliance for 128 gold pieces
 24769 | Orc:2    | Bought a potion of flight for 48 gold pieces
 24769 | Orc:2    | Bought a potion of cancellation for 128 gold pieces
 24769 | Orc:2    | Bought a potion of cancellation for 128 gold pieces
 24827 | Lair:1   | Entered Level 1 of the Lair of Beasts
 25852 | Lair:1   | Noticed Erica
 25859 | Lair:1   | Killed Erica
 26162 | Lair:2   | Reached skill level 10 in Spellcasting
 26446 | Lair:2   | Reached skill level 21 in Stealth
 26466 | Lair:2   | Learned a level 6 spell: Deflect Missiles
 27068 | Lair:2   | Reached skill level 5 in Charms
 27068 | Lair:2   | Reached skill level 1 in Air Magic
 27143 | Lair:3   | Learned a level 1 spell: Confusing Touch
 27150 | Lair:3   | Found a staircase to the Swamp.
 27229 | Lair:3   | Reached XP level 15. HP: 67/80 MP: 10/30
 27383 | Lair:3   | Noticed Fannar
 27412 | Lair:3   | Killed Fannar
 28354 | Lair:4   | Found a hole to the Spider Nest.
 28752 | Lair:4   | Found a runed door.
 28752 | Lair:4   | Found a shimmering altar of Xom.
 28752 | Lair:4   | Noticed clean's ghost (journeyman MiBe)
 28836 | Lair:4   | Killed clean's ghost
 29825 | Lair:5   | Found a viscous altar of Jiyva.
 29825 | Lair:5   | Found a staircase to the Slime Pits.
 30236 | Lair:6   | Entered Level 6 of the Lair of Beasts
 31054 | Lair:6   | Reached skill level 22 in Stealth
 32740 | Spider:1 | Entered Level 1 of the Spider Nest
 33262 | Spider:1 | Noticed Noreul's ghost (adept MiBe)
 33334 | Spider:1 | Reached skill level 5 in Evocations
 33382 | Spider:1 | Found a runed gate.
 33382 | Spider:1 | Found a runed gate.
 33382 | Spider:1 | Found a runed gate.
 33397 | Spider:1 | Reached XP level 16. HP: 83/85 MP: 23/34
 33452 | Spider:1 | HP: 1/85 [disintegration (20)]
 33478 | Spider:1 | HP: 1/85 [Noreul's ghost (23)]
 33478 | Spider:1 | Mangled by Noreul's ghost

Vault maps used:
D:1:      saegor_arrival_simple_a, minivault_5,
          nemelex_xobeh_ov_fountains_minmay
D:2:      uniq_terence
D:3:      lemuel_round_altar, uniq_sigmund
D:4:      grunt_temple_overflow_diamond, minmay_misc_feat_chi
D:5:      grunt_temple_overflow_open, kennysheep_mini, first_ration
D:6:      fiery_altar_vehumet, minmay_temple_entry_junction, serial_gnoll_camp,
          gnoll_camp_mini_hut, gnoll_camp_mini_hut, gnoll_camp_mini_sergeant,
          gnoll_camp_medium_02, gnoll_camp_mini_house, gnoll_camp_huts_basic,
          serial_bayou_lagoon_a, uniq_pikel
D:7:      uniq_harold, uniq_crazy_yiuf_cottage, uniq_duvessa
D:8:      serial_shops, nicolae_shop_statue_plus, uniq_prince_ribbit1,
          uniq_joseph, uniq_grum
D:9:      special_room, cheibriados_altar_1
D:10:     due_lair_maze_entry_diamond, orc_0_dummy, basic_altar
D:11:     hangedman_fish_farm, uniq_psyche, uniq_snorg
D:13:     david_vaults_1, uniq_erolcha
D:14:     infiniplex_staircase_spiral_double, minmay_shop_grid_forest
D:15:     grunt_enter_depths_magical_seal, nrook_uturn,
          minmay_misc_feat_encased, evilmike_butchery
Lair:1:   hibernation_bobbens, infiniplex_staircase_pool, grunt_megastairs_3,
          uniq_erica
Lair:2:   grunt_megastairs_2, infiniplex_staircase_pool_2,
          minmay_lair_oklob_chamber
Lair:3:   minmay_swamp_entry_swarm, serial_forest, infiniplex_forest_lined_2,
          infiniplex_forest_lined_room_3, infiniplex_forest_zigzag_2,
          infiniplex_forest_clump_small, grunt_megastairs_5, uniq_fannar
Lair:4:   nicolae_spider_entry_tight_spaces, ebering_ghost_xom
Lair:5:   slime_altar_1, cheibrodos_lair_reptile_den
Lair:6:   minmay_lair_end_enchanted_forest, eino_small_chamber_without_monster,
          lemuel_fruit_tree
Spider:1: gammafunk_ghost_split
Orc:1:    nicolae_volcano_entry_s_turn, serial_shops, shop
Orc:2:    grunt_orc_community_town_hall, grunt_orc_community_big_house_2,
          grunt_orc_community_big_house_2, grunt_orc_community_house_2,
          grunt_orc_community_house_2, grunt_orc_community_house_3,
          grunt_orc_community_house_1, grunt_orc_community_house_2,
          serial_shops, shop, nicolae_shop_behind_doors, shop,
          nicolae_orc_lava_tube, nicolae_orc_lost_temple
Volcano:  volcano_lake

Skill      XL: |  1  2  3  4  5  6  7  8  9 10 11 12 13 14 15 |
---------------+----------------------------------------------+-----
Stealth        | 5 6 8 9 10 12 14 16 18 21 22 | 22.0
Spellcasting   | 3 5 6 10 13 | 13.8
Short Blades   | 2 3 4 5 6 7 8 |  8.0
Hexes          | 4 5 7 9 10 | 10.0
Fighting       | 1 2 3 4 6 7 9 10 | 10.0
Dodging        | 4 5 7 9 11 13 | 13.0
Shields        | 1 3 5 7 |  7.2
Evocations     | 4 5 |  5.6
Charms         | 4 5 8 |  8.0
Air Magic      | 1 4 |  4.0

Action                   |  1- 3 |  4- 6 |  7- 9 | 10-12 | 13-15 | 16-18 || total
-------------------------+-------+-------+-------+-------+-------+-------++-------
Melee: Dagger            |    96 |    71 |   560 |   732 |  1341 |    29 ||  2829
 Cast: Corona            |     2 |       |       |     1 |     1 |       ||     4
       Ensorcelled Hiber |     6 |    16 |   117 |   282 |   266 |     1 ||   688
       Confuse           |       |     9 |    17 |    34 |   138 |       ||   198
       Tukima's Dance    |       |       |    11 |       |     1 |       ||    12
       Dazzling Spray    |       |       |       |    14 |     9 |     2 ||    25
       Confusing Touch   |       |       |       |       |    59 |     4 ||    63
       Passwall          |       |       |       |       |     2 |       ||     2
Invok: Call Merchant     |       |       |       |       |     6 |       ||     6
Evoke: Wand              |       |       |       |     2 |     5 |       ||     7
  Use: Potion            |     1 |       |     3 |       |     2 |     2 ||     8
       Scroll            |       |       |    12 |     6 |     7 |       ||    25
 Stab: Sleeping          |    10 |    14 |    76 |   139 |   234 |       ||   473
       Confused          |       |     4 |     6 |    24 |   139 |     6 ||   179
       Distracted        |       |       |     1 |    15 |    15 |     1 ||    32
       Invisible         |       |       |       |     1 |     2 |     2 ||     5
       Petrified         |       |       |       |       |     4 |       ||     4
       Petrifying        |       |       |       |       |     2 |       ||     2
  Eat: Ration            |       |       |     6 |     7 |     8 |       ||    21
Armor: Robe              |    18 |     2 |    36 |    21 |    51 |     3 ||   131
Dodge: Dodged            |   104 |    42 |   389 |   416 |   608 |    14 ||  1573
Block: Buckler           |       |       |    30 |   175 |   354 |     7 ||   566
       Reflection        |       |       |       |       |    10 |       ||    10

Table legend:
 A = Non-vault XP
 B = Vault XP
 C = Vault XP percentage of total XP
 D = Non-vault monster count
 E = Vault monster count
 F = Vault count percentage of total count
                 A         B        C        D         E       F
            +---------+---------+-------+---------+---------+-------
      Total |  100590 |   54015 |  34.9 |     601 |     267 |  30.8
            +---------+---------+-------+---------+---------+-------
        D:1 |      47 |       0 |   0.0 |      23 |       0 |   0.0
        D:2 |      80 |      36 |  31.0 |      23 |       1 |   4.2
        D:3 |     341 |     227 |  40.0 |      21 |       1 |   4.5
        D:4 |     509 |       0 |   0.0 |      24 |       0 |   0.0
        D:5 |     686 |      42 |   5.8 |      19 |       1 |   5.0
        D:6 |    1246 |    1556 |  55.5 |      28 |      39 |  58.2
        D:7 |    1047 |     792 |  43.1 |      17 |       4 |  19.0
        D:8 |    1068 |    1159 |  52.0 |      22 |       5 |  18.5
        D:9 |    2602 |     846 |  24.5 |      34 |      10 |  22.7
       D:10 |    2378 |    1354 |  36.3 |      16 |      11 |  40.7
       D:11 |    6213 |    1851 |  23.0 |      40 |       3 |   7.0
       D:12 |    3956 |      61 |   1.5 |      26 |       1 |   3.7
       D:13 |    7123 |    1883 |  20.9 |      33 |       3 |   8.3
       D:14 |   12318 |       0 |   0.0 |      37 |       0 |   0.0
       D:15 |    7067 |    4318 |  37.9 |      20 |       9 |  31.0
     Lair:1 |    3376 |    1934 |  36.4 |      14 |       6 |  30.0
     Lair:2 |    4841 |    2909 |  37.5 |      23 |      10 |  30.3
     Lair:3 |    3623 |    2934 |  44.7 |      15 |      10 |  40.0
     Lair:4 |    5668 |    3935 |  41.0 |      11 |       9 |  45.0
     Lair:5 |    7009 |     503 |   6.7 |      23 |       7 |  23.3
     Lair:6 |   14259 |    8802 |  38.2 |      33 |      50 |  60.2
   Spider:1 |    4910 |    2151 |  30.5 |      16 |       6 |  27.3
      Orc:1 |    5092 |       0 |   0.0 |      41 |       0 |   0.0
      Orc:2 |    5131 |    9380 |  64.6 |      42 |      65 |  60.7
    Volcano |       0 |    7342 | 100.0 |       0 |      16 | 100.0
            +---------+---------+-------+---------+---------+-------
